 Dungeon Crawl Stone Soup version 0.29-a0-717-g6dac4ea423 (webtiles) character file.

Game seed: 8306534300705218688

28 Crownlay the Digger (level 3, 0/21 HPs)
             Began as an Octopode Earth Elementalist on June 26, 2022.
             Killed from afar by Natasha (9 damage)
             ... with a magic dart
             ... on level 2 of the Dungeon.
             The game lasted 00:01:29 (1327 turns).

Crownlay the Digger (Octopode Earth Elementalist)   Turns: 1327, Time: 00:01:30

Health: 0/21       AC:  1    Str:  7    XL:     3   Next: 14%
Magic:  3/6        EV: 13    Int: 19    God:
Gold:   16         SH:  0    Dex: 12    Spells: 5/6 levels left

rFire   . . .      SeeInvis .   g - +2 dagger (venom)
rCold   . . .      Faith    .   (no shield)
rNeg    . . .      Spirit   .   (helmet restricted)
rPois   .          Reflect  .   (no amulet)
rElec   .          Harm     .   (no ring)
rCorr   .          Rampage  .   (no ring)
Will    .....                   (no ring)
Stlth   +++.......              (no ring)
HPRegen 0.07/turn               (no ring)
MPRegen 0.10/turn               (no ring)
                                (no ring)
                                (no ring)

@: no status effects
A: almost no armour, amphibious, 8 rings, camouflage 1, gelatinous body 1,
(nimble swimmer 1), tentacles
a: no special abilities


You were on level 2 of the Dungeon.
You visited 1 branch of the dungeon, and saw 2 of its levels.

You collected 82 gold pieces.
You spent 66 gold pieces at shops.

Inventory:

Hand Weapons
 g - a +2 dagger of venom (weapon)
Scrolls
 e - a scroll of identify
 f - a scroll of magic mapping {unknown}
 h - a scroll of summoning {unknown}
 j - a scroll of poison
Potions
 a - 2 potions of magic
 c - a potion of haste {unknown}
 d - a potion of resistance {unknown}
 i - a potion of invisibility {unknown}


   Skills:
 - Level 2.0 Dodging
 + Level 3.0 Stealth
 + Level 2.4 Spellcasting
 - Level 1.0 Transmutations
 * Level 3.7 Earth Magic


You had 5 spell levels left.
You knew the following spells:

 Your Spells              Type           Power      Damage    Failure   Level
a - Sandblast             Erth           32%        2d9       3%          1

Your spell library contained the following spells:

 Spells                   Type           Power      Damage    Failure   Level
 Passwall                 Tmut/Erth      9%         N/A       10%         2
 Summon Small Mammal      Summ           8%         N/A       16%         1
 Stone Arrow              Conj/Erth      18%        3d8       22%         3
 Call Canine Familiar     Summ           2%         N/A       43%         3
 Summon Guardian Golem    Hex/Summ       2%         N/A       43%         3
 Petrify                  Tmut/Erth      11%        N/A       52%         4


Dungeon Overview and Level Annotations

Branches:
Dungeon (2/15)

Altars:

Shops:
D:2 *

Annotations:
D:2 Natasha


Innate Abilities, Weirdness & Mutations

You cannot wear most types of armour.
You are amphibious.
You can wear up to eight rings at the same time.
Your skin changes colour to match your surroundings (Stealth+).
Your rubbery body absorbs attacks. (AC +1, EV +1)
((You are camouflaged when in or above water. (Stealth+)))
You have tentacles for arms and can constrict up to eight enemies at once.


Message History

Okay, then.
As you read the scroll of identify, it crumbles to dust.
b - 2 potions of attraction You drop 2 potions of attraction.
You open the door.
Found a stone staircase leading down.
There is an open door here.
A ball python comes into view.
Found 16 gold pieces.
The ball python hisses angrily.
The blast of sand hits the ball python!
You kill the ball python!
You can't see any susceptible monsters within range! (Use Z to cast anyway.) Magic restored.
There is a stone staircase leading down here.
You now have 16 gold pieces.
There is a stone staircase leading up here.
There is a stone staircase leading up here.
You open the door.
There is an open door here.
A kobold comes into view. It is wielding a +0 dagger.
Natasha, Servant of Life and Death comes into view.
The blast of sand hits Natasha!
Natasha is severely wounded.
Natasha hisses angrily.
Natasha mumbles some strange words.
The blast of sand hits the shadow imp but does no damage.
Natasha stares at you and mumbles some strange words.
The magic dart hits you! The shadow imp hits you. x2
Casting: Sandblast (safe; 3% risk of failure)
Confirm with . or Enter, or press ? or * to list all spells.
Aiming: Sandblast (safe; 3% risk of failure)
Press: ? - help, Shift-Dir - straight line, f - Natasha, p - shadow imp
Aim: Natasha (severely wounded, 74% to hit)
The blast of sand hits Natasha.
Natasha is almost dead.
The kobold shouts!
Natasha stares at you and mumbles some strange words.
The magic dart hits you!
You die...

#.≈...#
#+
#.≈####
#. #<##
#. #.#
#. #.#
#. #'#
#. #.#
#h##.#
#5@..#
#....#
#....#
#....#
#....#
#.####
K. ...
#..


You could see Natasha, a shadow imp (summoned) and a kobold.

Vanquished Creatures
  A dart slug (D:1)
  3 ball pythons
  2 bats (D:1)
  2 endoplasms (D:1)
  2 giant cockroaches (D:1)
  2 goblins (D:1)
  6 hobgoblins (D:1)
  A quokka (D:1)
  2 rats (D:1)
21 creatures vanquished.

Vanquished Creatures (others)
  2 plants (D:2)
2 creatures vanquished.

Grand Total: 23 creatures vanquished

Notes
Turn   | Place    | Note
-------+----------+-------------------------------------------
     0 | D:1      | Crownlay the Octopode Earth Elementalist began the quest
                  | for the Orb.
     0 | D:1      | Reached XP level 1. HP: 11/11 MP: 3/3
   189 | D:1      | Reached XP level 2. HP: 17/17 MP: 3/5
   638 | D:1      | Reached XP level 3. HP: 21/21 MP: 3/6
  1253 | D:2      | Found Lomutt's General Store.
  1257 | D:2      | Bought a scroll of poison for 42 gold pieces
  1257 | D:2      | Bought a scroll of identify for 24 gold pieces
  1323 | D:2      | Noticed Natasha
  1327 | D:2      | Killed from afar by Natasha

Illustrated notes

Levels and vault maps discovered:
D:1:      matt_arrival_los_fun, layout_basic
D:2:      wad_pebble_path, layout_basic, serial_shops,
          nicolae_shop_hallway_stairs, shapermc_ecumenical_altar_rom_forum,
          uniq_natasha

Skill      XL: |  1  2  3 |
---------------+----------+-----
Stealth        | 3 |  3.0
Dodging        | |  2.0
Spellcasting   | |  2.4
Transmutations | |  1.0
Earth Magic    | |  3.7

Action                   || total
-------------------------++-------
 Cast: Sandblast         ||    30
  Use: Scroll            ||     1
Armor: Skin              ||     1
Dodge: Dodged            ||     7

Table legend: (Time is in decaauts)
 A = Elapsed time spent in this place.
 B = Non-inter-level travel time spent in this place.
 C = Inter-level travel time spent in this place.
 D = Time resting spent in this place.
 E = Time spent auto-exploring this place.
 F = Levels seen in this place.
 G = Mean time per level.
                   A        B        C        D        E       F      G
               +--------+--------+--------+--------+--------+-----+--------+
         Total |   1357 |   1314 |     43 |      0 |   1151 |   2 |  678.5 |
       Dungeon |   1357 |   1314 |     43 |      0 |   1151 |   2 |  678.5 |
               +--------+--------+--------+--------+--------+-----+--------+

Top non-repeatable levels by time:
     D:1: 1280 daAuts
     D:2: 76 daAuts
